Cogmind - Beta 11 X10 @@@ ROGUE MODE // 2022.02.05 @ 20:11:05 Player: LU-1G1 Result: Destroyed by G-47 Trooper with Particle Gun Performance ------------- Evolutions (2) 1000 Regions Visited (5) 1000 Robots Destroyed (61) 305 Value Destroyed (1417) 1417 Prototype IDs (24) 480 Alien Tech Used (0) 0 Bonus (56) 56 TOTAL SCORE: 4258 Bonus ------- Follower Combat Kills 107 Friendly Fire -51 Cogmind --------- Core Integrity 0/550 Matter 260/300 Energy 83/100 System Corruption 0% Temperature Cool (9) Movement Treading (160) Location -8/Materials Parts ------- > --- POWER (1) -------- (None) > --- PROPULSION (3) --- Light Treads Light Treads > --- UTILITY (5) ------ Large Storage Unit System Shield > --- WEAPON (2) ------- Grenade Launcher Makeshift Spear > --- INVENTORY (15) --- Light Treads Light Treads Cesium-ion Thruster Small Storage Unit High-capacity Matter Pod (200) Experimental Sensor Array Makeshift Cloaking Device Hacking Suite PSU Rigger Peak State ------------ > --- POWER ------------ Improved Ion Engine > --- PROPULSION ------- Light Treads Light Treads Armored Treads > --- UTILITY ---------- Large Storage Unit Seismic Detector Melee Analysis Suite ECM Suite System Shield > --- WEAPON ----------- Gauss Rifle Heavy Battle Rifle > --- INVENTORY -------- Light Treads Light Treads Light Treads Light Treads Cesium-ion Thruster Small Storage Unit High-capacity Matter Pod Experimental Sensor Array Makeshift Cloaking Device Hacking Suite PSU Rigger Heavy EM Pulse Gun Light Assault Rifle Grenade Launcher Makeshift Spear [Rating: 28] Favorites ----------- Power Light Ion Engine Engine Light Ion Engine Power Core Light Nuclear Core Propulsion Light Treads Treads Light Treads Wheel Wheel Utility Large Storage Unit Device Seismic Detector Storage Large Storage Unit Processor Melee Analysis Suite Hackware System Shield Protection Light Armor Plating Weapon Light Assault Rifle Energy Gun Heavy EM Pulse Gun Ballistic Gun Light Assault Rifle Launcher Grenade Launcher Piercing Weapon Makeshift Spear Build | -11 -10 -10 -10 -9 -8 ------- Run | Scr Mat Min Exi Min Mat Slots Evolved 4 | . . . . . 4 Power . | . . . . . . Propulsion 1 | . . . . . 1 Utility 3 | . . . . . 3 Weapon . | . . . . . . Parts Attached 54 | 7 13 6 5 . 23 Power 5 | 1 1 . 1 . 2 Engine 4 | 1 1 . . . 2 Core 1 | . . . 1 . . Reactor . | . . . . . . Propulsion 16 | 2 2 . 1 . 11 Treads 15 | 2 2 . 1 . 10 Leg . | . . . . . . Wheel 1 | . . . . . 1 Hover . | . . . . . . Flight . | . . . . . . Utility 12 | 2 3 2 . . 5 Device 6 | 1 1 2 . . 2 Storage 2 | 1 1 . . . . Processor 1 | . . . . . 1 Hackware 1 | . . . . . 1 Protection 2 | . 1 . . . 1 Artifact . | . . . . . . Weapon 21 | 2 7 4 3 . 5 Energy Gun 3 | 1 1 . . . 1 Energy Cannon . | . . . . . . Ballistic Gun 14 | 1 5 3 3 . 2 Ballistic Cannon . | . . . . . . Launcher 3 | . 1 1 . . 1 Special Weapon . | . . . . . . Impact Weapon . | . . . . . . Slashing Weapon . | . . . . . . Piercing Weapon 1 | . . . . . 1 Special Melee Weapon . | . . . . . . Unidentified Prototypes 1 | . . 1 . . . Parts Lost 21 | . 2 . . . 19 Power 4 | . 1 . . . 3 Propulsion 7 | . . . . . 7 Utility 5 | . 1 . . . 4 Weapon 5 | . . . . . 5 Highest Loss Streak 9 | . 2 . . . 9 To Critical Strikes 1 | . . . . . 1 Average Slot Usage (%) 94 | . 94 100 99 100 83 Engine 10 | . 12 14 11 . 1 Core 1 | . . . 2 14 3 Treads 26 | . 27 28 28 28 22 Device 9 | . 5 14 14 14 11 Storage 13 | . 14 14 14 14 9 Processor 1 | . . . . . 8 Hackware 1 | . . . . . 8 Protection 2 | . 4 . . . 1 Energy Gun 2 | . 5 . . . . Ballistic Gun 19 | . 22 17 17 28 14 Launcher 3 | . . 10 10 . . Naked Turns . | . . . . . . Heaviest Build 39 | 12 30 28 32 32 39 Greatest Support 60 | 40 40 40 40 40 60 Greatest Overweight (x) 7 | 1 . . . . 7 Average Overweight (x) . | . . . . . . Largest Inventory Capacity 15 | 8 15 15 15 15 15 Average Capacity 14 | 7 14 15 15 15 15 Most Carried 15 | 6 15 15 15 15 15 Average Carried 13 | 4 13 15 14 15 13 Final Capacity 15 | 8 15 15 15 15 15 Final Carried 15 | 6 15 15 15 15 9 Class Distribution -------------------- 70% | Mutant 17% | Scavenger-Mutant 11% | Commander-Mutant Dominant Class ---------------- Mutant | -10/Materials Mutant | -10/Mines Commander-Mutant | -10/Exiles Scavenger-Mutant | -9/Mines Scavenger-Mutant | -8/Materials Resources | -11 -10 -10 -10 -9 -8 ----------- Run | Scr Mat Min Exi Min Mat Matter Collected 1384 | 204 611 99 73 14 383 Remotely . | . . . . . . Salvage Created 1987 | 102 776 157 60 35 857 Parts 118 | 7 39 11 4 2 55 Haulers Intercepted 3 | . 2 . . . 1 Recyclers Shooed . | . . . . . . Parts Field Recycled . | . . . . . . Retrieved Matter . | . . . . . . Parts Self-Destructed . | . . . . . . Prevented . | . . . . . . Kills | -11 -10 -10 -10 -9 -8 ------- Run | Scr Mat Min Exi Min Mat Combat Hostiles Destroyed 40 | . 12 6 . 2 20 Melee 5 | . . . . . 5 Guns 27 | . 11 1 . 2 13 AOE 8 | . 1 5 . . 2 Classes Destroyed 13 | 2 5 2 . . 4 Worker 7 | . 2 . . . 5 Builder 2 | . . 1 . . 1 Tunneler 3 | 2 . 1 . . . Hauler 3 | . 2 . . . 1 Recycler 2 | 1 1 . . . . Operator 2 | . 1 . . . 1 Watcher 2 | . 2 . . . . Swarmer 13 | . . 4 . 2 7 Grunt 22 | . 12 2 . . 8 Brawler 1 | . . . . . 1 Sentry 2 | . . . . . 2 Specialist 1 | . . . . . 1 Hunter 1 | . . . . . 1 Best Kill Streak 12 | 3 4 3 . 2 12 Combat Bots Only 8 | . 2 3 . 2 8 Max Kills in Single Turn 3 | 1 1 3 . 2 2 Gunslinging . | . . . . . . Exploded 3 | . 1 3 . . 2 Melee 1 | . . . . . 1 Uniques/NPCs Destroyed . | . . . . . . Combat | -11 -10 -10 -10 -9 -8 -------- Run | Scr Mat Min Exi Min Mat Damage Taken 3139 | . 573 97 . 34 2435 Core 649 | . 86 . . . 563 Absorbed by Shields . | . . . . . . Regen/Repaired (Parts) 139 | . 139 . . . . Core Remaining (%) 82 | 100 . . . 65 . Volleys Fired 147 | 6 63 8 4 2 64 Largest 2 | 2 2 2 2 2 2 Hottest 65 | 60 65 40 40 48 65 Shots Fired 271 | 12 126 11 8 4 110 Gun 265 | 12 126 6 8 4 109 Cannon . | . . . . . . Launcher 6 | . . 5 . . 1 Special . | . . . . . . Kinetic 229 | 6 101 6 8 4 104 Thermal . | . . . . . . Explosive 6 | . . 5 . . 1 Electromagnetic 36 | 6 25 . . . 5 Robot Hit Streak 17 | 7 12 9 17 1 10 Robot Miss Streak 5 | 1 5 . . 1 3 Penetration Max 1 | . . . . . 1 Secondary Targets 9 | . 1 . . . 8 Max Gunslinging Chain 1 | . 1 . . . 1 Shots Hit Robots 197 | 9 86 3 8 2 89 Core Hits 100 | 4 36 10 3 2 45 Critical Kills . | . . . . . . Critical Parts Destroyed . | . . . . . . Critical Strikes 3 | . 2 . . . 1 Corrupt 2 | . 2 . . . . Impale 1 | . . . . . 1 Melee Attacks 23 | . . . . . 23 Impact . | . . . . . . Slashing . | . . . . . . Piercing 23 | . . . . . 23 Sneak Attacks 4 | . . . . . 4 Combat Hostiles . | . . . . . . Follow-up Attacks . | . . . . . . Damage Inflicted 4047 | 99 1181 428 47 53 2239 Guns 2615 | 99 1114 39 47 53 1263 Cannons . | . . . . . . Explosions 562 | . 43 335 . . 184 Melee 767 | . . . . . 767 Ramming 103 | . 24 54 . . 25 Kinetic 2183 | 46 808 39 47 53 1190 Thermal 43 | . 43 . . . . Explosive 519 | . . 335 . . 184 Electromagnetic 432 | 53 306 . . . 73 Impact . | . . . . . . Slashing . | . . . . . . Piercing 767 | . . . . . 767 Highest Corruption . | . . . . . . Average Corruption . | . . . . . . Corruption Purged . | . . . . . . Corruption Blocked . | . . . . . . Overload Shots . | . . . . . . Overflow Damage 192 | . . 33 . . 159 Projectiles . | . . . . . . Explosions 33 | . . 33 . . . Melee 159 | . . . . . 159 Knockbacks 2 | . 1 . . . 1 Impact 2 | . 1 . . . 1 Kinetic . | . . . . . . Secondary . | . . . . . . Self-Inflicted Damage 106 | . 36 61 . . 9 Shots 5 | . 1 3 . . 1 Rammed 17 | . 5 9 . . 3 Targets Rammed 20 | . 5 10 . . 5 Kicked . | . . . . . . Crushed 3 | . . 1 . . 2 Highest Temperature 100 | 40 100 . . . 22 Average Temperature 23 | 26 28 . . . 10 Received Heat Transfer 1185 | . 336 12 . . 837 Siege Activations . | . . . . . . Robots Corrupted . | . . . . . . Combat Hostiles . | . . . . . . Parts Fried 3 | . 3 . . . . Impact Corruptions . | . . . . . . Robots Melted . | . . . . . . Combat Hostiles . | . . . . . . Parts Melted . | . . . . . . Heat Transferred . | . . . . . . Parts Sabotaged . | . . . . . . Parts Stolen . | . . . . . . Parts Stripped . | . . . . . . Power Chain Reactions 1 | . 1 . . . . Missiles Intercepted . | . . . . . . Alert | -11 -10 -10 -10 -9 -8 ------- Run | Scr Mat Min Exi Min Mat Peak Influence 299 | 15 193 223 . 81 299 Initial 31 | . 9 14 . . 31 Average 100 | 3 96 111 . 29 128 Maximum Alert Level 1 | . . 1 . . 1 Low Security (%) 94 | 100 100 82 . 100 88 Level 1 5 | . . 17 . . 11 Level 2 . | . . . . . . Level 3 . | . . . . . . Level 4 . | . . . . . . Level 5 . | . . . . . . High Security . | . . . . . . Max Security . | . . . . . . Squads Dispatched 7 | . 3 . . . 4 Investigation . | . . . . . . Extermination . | . . . . . . Reinforcement 7 | . 3 . . . 4 Assault . | . . . . . . Garrison . | . . . . . . Intercept . | . . . . . . Construction Impeded 1 | . . . . . 1 Haulers Reinforced . | . . . . . . Active Scanning Responses . | . . . . . . Cargo Convoy Interrupts . | . . . . . . Stealth | -11 -10 -10 -10 -9 -8 --------- Run | Scr Mat Min Exi Min Mat Distress Signals 6 | . 1 . . . 5 Communications Jammed . | . . . . . . Distress Signals . | . . . . . . Times Spotted 79 | . 25 8 . 2 44 Peak Tracking Total 14 | . 4 3 . 3 14 Tactical Retreats . | . . . . . . Traps | -11 -10 -10 -10 -9 -8 ------- Run | Scr Mat Min Exi Min Mat Traps Triggered 1 | . . . . . 1 Indirectly 1 | . . . . . 1 Trap Hack Attempts . | . . . . . . Triggered . | . . . . . . Disarmed . | . . . . . . Reprogrammed . | . . . . . . Reused . | . . . . . . Traps Extracted . | . . . . . . Installed . | . . . . . . Triggered . | . . . . . . Machines | -11 -10 -10 -10 -9 -8 ---------- Run | Scr Mat Min Exi Min Mat Machines Disabled 2 | . . . . . 2 Max in Single Turn 1 | . . . . . 1 Machines Sabotaged . | . . . . . . Garrisons Compromised . | . . . . . . Overloaded Fab Kills . | . . . . . . Hacking | -11 -10 -10 -10 -9 -8 --------- Run | Scr Mat Min Exi Min Mat Machines Accessed 10 | . 5 1 2 . 2 Terminals 7 | . 4 1 . . 2 Fabricators . | . . . . . . Repair Stations 1 | . 1 . . . . Recycling Units . | . . . . . . Scanalyzers . | . . . . . . Garrison Access . | . . . . . . Total Hacks 25 | . 13 5 2 . 5 Successful 15 | . 10 2 2 . 1 Failed 10 | . 3 3 . . 4 Catastrophic 1 | . . . . . 1 Database Lockouts . | . . . . . . Manual 8 | . 1 2 1 . 4 Terminals 18 | . 8 5 . . 5 Fabricators . | . . . . . . Repair Stations 5 | . 5 . . . . Recycling Units . | . . . . . . Scanalyzers . | . . . . . . Garrison Access . | . . . . . . Terminal Hacks 11 | . 6 2 2 . 1 Record 1 | . . . 1 . . Level Access Points 1 | . . . . . 1 Locate Traps 1 | . 1 . . . . Patrol Status 1 | . . 1 . . . Recall Investigation 1 | . 1 . . . . Hauler Manifests 1 | . 1 . . . . Zone Layout 4 | . 3 1 . . . EX-Prototype ID Bank 1 | . . . 1 . . Fabricator Hacks . | . . . . . . Repair Station Hacks 4 | . 4 . . . . Scan Component 2 | . 2 . . . . Repair 2 | . 2 . . . . Recycling Unit Hacks . | . . . . . . Scanalyzer . | . . . . . . Garrison Access Hacks . | . . . . . . Unauthorized Hacks . | . . . . . . Terminals . | . . . . . . Fabricators . | . . . . . . Repair Stations . | . . . . . . Recycling Units . | . . . . . . Scanalyzers . | . . . . . . Garrison Access . | . . . . . . Data Cores Recovered . | . . . . . . Used . | . . . . . . Hacking Detections 6 | . 3 1 . . 2 Full Trace Events 3 | . 1 . . . 2 Feedback Events . | . . . . . . Feedback Blocked . | . . . . . . Robot Schematics Acquired . | . . . . . . Robots Built . | . . . . . . Authchips . | . . . . . . Time . | . . . . . . Total Robot Build Rating . | . . . . . . Part Schematics Acquired . | . . . . . . Parts Built . | . . . . . . Authchips . | . . . . . . Time . | . . . . . . Total Part Build Rating . | . . . . . . Parts Repaired 2 | . 2 . . . . Time 52 | . 52 . . . . Parts Recycled . | . . . . . . Recycled Matter . | . . . . . . Retrieved Matter . | . . . . . . Retrieved Components . | . . . . . . Parts Scanalyzed . | . . . . . . Part Schematics Acquired . | . . . . . . Parts Damaged . | . . . . . . Bothacking | -11 -10 -10 -10 -9 -8 ------------ Run | Scr Mat Min Exi Min Mat Used RIF Installer . | . . . . . . Robots Hacked . | . . . . . . Non-combat . | . . . . . . Combat . | . . . . . . Robot Hacks Applied . | . . . . . . Relay Couplers Released . | . . . . . . Fabnet Peak Effective % . | . . . . . . Robots Rewired 4 | . . . 4 . . Allies Hacked . | . . . . . . Hacks Repelled . | . . . . . . Allies | -11 -10 -10 -10 -9 -8 -------- Run | Scr Mat Min Exi Min Mat Total Allies 7 | . . 3 4 . . Largest Group 4 | . . 3 4 4 3 Highest-Rated Group 73 | . . 73 73 45 37 Highest-Rated Ally 31 | . . 31 31 21 21 Total Orders . | . . . . . . Ally Attacks 25 | . . 2 . 2 21 Total Damage 284 | . . 42 . 36 206 Kills 6 | . . 1 . 1 4 Allies Corrupted . | . . . . . . Allies Melted . | . . . . . . Intel | -11 -10 -10 -10 -9 -8 ------- Run | Scr Mat Min Exi Min Mat Robot Analysis Total . | . . . . . . Derelict Logs Recovered 1 | . . 1 . . . Drone Launches . | . . . . . . Drone Recoveries . | . . . . . . Exploration | -11 -10 -10 -10 -9 -8 ------------- Run | Scr Mat Min Exi Min Mat Turns Passed 3809 | 94 1617 576 788 112 622 Spaces Moved 1925 | 42 812 331 449 67 224 Core 9 | 7 . . . . 2 Treads 1900 | 35 812 331 449 67 206 Legs . | . . . . . . Wheels 16 | . . . . . 16 Hover . | . . . . . . Flight . | . . . . . . Fastest Speed 50 | 50 160 160 160 160 110 Average Speed 159 | 147 160 160 160 160 162 Slowest Speed 400 | 160 160 160 160 160 400 Overloaded Moves . | . . . . . . Propulsion Burnouts . | . . . . . . Robots Hopped . | . . . . . . Cave-ins Triggered . | . . . . . . Exploration Rate (%) 52 | 4 91 73 89 22 36 Regions Visited 5 Branch Regions 3 Pre-discovered Areas 2 | . . 1 1 . . Known Exits Taken . | . . . . . . Unknown Exits Taken 5 | 1 1 1 1 1 . Scrap Searched 1 | . . 1 . . . Spaces Dug 11 | . . 11 . . . Terrain Destroyed 55 | . 2 45 . . 8 Melee . | . . . . . . Projectile 4 | . . . . . 4 AOE 51 | . 2 45 . . 4 Terrain Rammed . | . . . . . . Walls Destroyed . | . . . . . . Machines Disabled . | . . . . . . Actions | -11 -10 -10 -10 -9 -8 --------- Run | Scr Mat Min Exi Min Mat Total 2363 | 60 1011 360 516 68 348 Wait 99 | . 92 4 . . 3 Move 1920 | 41 811 330 448 66 224 Hop . | . . . . . . Pick Up 28 | 6 14 . 6 . 2 Fast Attach 26 | 7 5 1 2 . 11 Attach 10 | . 1 . . . 9 Detach 1 | . 1 . . . . Swap 18 | . 7 5 3 . 3 Drop 28 | . 12 2 10 . 4 Fire 147 | 6 63 8 4 2 64 Melee 23 | . . . . . 23 Ram . | . . . . . . Kick . | . . . . . . Crush 20 | . 5 10 . . 5 Escape Stasis . | . . . . . . Rewire 43 | . . . 43 . . Trap . | . . . . . . Miscellaneous . | . . . . . . Route ------- -11/Scrapyard -10/Materials (discovered 4 exits: [*Mat x3] / *Min) -10/Mines (discovered 2 exits: [*Mat] / *Exi) -10/Exiles -9/Mines -8/Materials (discovered 3 exits: Fac x3) History --------- Turn | Location | Event 23 | -11/Scrapyard | Discovered new exit (range 16) 95 | -11/Scrapyard | Entered Materials 232 | -10/Materials | Discovered new exit (range 9) 303 | -10/Materials | Discovered new exit (range 17) 311 | -10/Materials | Build established: Mutant 719 | -10/Materials | Discovered new exit (range 15) 989 | -10/Materials | Discovered new exit (range 14) 1107 | -10/Materials | Repaired Lgt. Treads 1134 | -10/Materials | Repaired Lgt. Treads 1712 | -10/Materials | Entered Mines 2017 | -10/Mines | Escorted by a lone wolf Derelict 2019 | -10/Mines | A weapon hastily lodged in a ceiling crevice suddenly fell to the ground 2037 | -10/Mines | Learned location of Storage (-8) 2134 | -10/Mines | Learned Materials trap positions 2145 | -10/Mines | Discovered new exit (range 8) 2209 | -10/Mines | Found a damaged Exp. Sensor Array with a note attached 2213 | -10/Mines | Found Prototype Device 2213 | -10/Mines | Identified Exp. Sensor Array 2277 | -10/Mines | Deemed a non-threat by the Exiles lab entrance 2277 | -10/Mines | Discovered new exit (range 5) 2288 | -10/Mines | Entered Exiles 2288 | -10/Exiles | Found Exiles lab destroyed 2288 | -10/Exiles | Accompanied by 3 allies 2318 | -10/Exiles | Led the pair of lost Derelicts to a safe place 2507 | -10/Exiles | Learned location of Zion (-7) 2603 | -10/Exiles | Opened EX-Vault 2618 | -10/Exiles | Found PSU Rigger 2790 | -10/Exiles | Build established: Commander-Mutant 3061 | -10/Exiles | Discovered new exit (range 10) 3076 | -10/Exiles | Entered Mines 3076 | -9/Mines | Accompanied by 4 allies 3112 | -9/Mines | Discovered new exit (range 9) 3188 | -9/Mines | Entered Materials 3188 | -8/Materials | Accompanied by 3 allies 3188 | -8/Materials | Evolved 4 slots: Propulsion x1, Utility x3 3189 | -8/Materials | Loaded intel: 23 trap records 3221 | -8/Materials | Identified exit to Factory 3238 | -8/Materials | Build established: Scavenger-Mutant 3664 | -8/Materials | Lost 3 parts (1p1u1w) 3684 | -8/Materials | Destroyed 8 combat bots 3687 | -8/Materials | Core integrity fell below 50% 3771 | -8/Materials | Lost 9 parts (5n1u3w) 3787 | -8/Materials | Core integrity fell below 20% 3810 | -8/Materials | Destroyed by G-47 Trooper with Particle Gun Last Messages --------------- 03765_ K-01 Serf collects debris. 03765_ Acquired 46 matter. 03769_ W-25 Informer sends out distress signal. 03772_ Sneak attack on T-07 Excavator. 03772_ Destroyed Wheel. 03772_ Destroyed Seismic Detector. 03781_ Lgt. Treads destroyed. 03788_ S-10 Pest destroyed. 03790_ B-36 Bruiser destroyed. 03791_ Acquired 51 matter. 03795_ Critical hit (Destroy). 03795_ Lgt. Ion Engine destroyed. 03795_ Wheel destroyed. 03796_ Melee Analysis Suite destroyed. 03798_ K-01 Serf cleans the Electrolysis Chamber. 03800_ Acquired Lgt. Treads. 03807_ S-10 Pest destroyed. 03808_ K-01 Serf collects debris. 03809_ G-47 Trooper destroyed. 03809_ S-10 Pest destroyed. Map ----- +----------------------------------------------------+ | ????????????????????????????? ## ####### ## | | ????????????????????????????? # "S !####### ## | | ????????????????????????????? ## """ = *####### ## | | ????????????????????????????? ## !!=+%== ## | | ??????????????????????????????## *% !## ####### | | ??????????????????????????????## % !#!=####### | | ??????????????????????????????## [#= ##????? | | ??????????????????????????????## #####????? | | ??????????????????????????????## =% # #????? | | ??????????????????????????????######+#### ##????? | | ??????????????????????????????#### # # ######????? | | ???????????????????????????????### # # ! ????? | | ????????????????????????????????#### ## ## | | ????????????????????????????????#### ## * ## | | ???????????????????????????????????# ## ] ## | | ???????????????????????#####???????# ##? * [## | | ???????????????????????#"""#???##### ##? ## | | ???????????????????#####"T"#### ]#=##??[ #? | | ???????????????????#! !!! ##] # ##?? ?? | | ???????????????????# !! ## # ##????+###+?? | | ???????????????????# !! ## !!# ##????? ?? | | ???????????????????# ## %!# ##??????????? | | ???????????????????# = ## ""=#*#???????????? | | ???????????????????#g[[ / #*T"%#%#???????????? | | ??????????????????##Y% ! ##=""!#[#????????? #? | | ??????????????????# !s *@ ##[/**#%#?????? #? | | ?????????????# #### Y ########+%%##### #? | | ?????????????# =Ykk =!%*% *![*! #? | | ?????????????# ^! ^ %**!![[!% #? | | ?????????????# ^ %%= #? | | ?????????????########## ^""" ################ #? | | ??????????????????????# w""" #?????????????????? | | ??????????????????????# """ #?????????????????? | | ??????????????????? #?????????????????? | | ?????????????????? #?????????????????? | | ????????????????? ### #?????????????????? | | ???????????????? ###+###??# #?????????????????? | | ???????????????????? ?????# +?????????????????? | | ??????????????????? ""?????# #?????????????????? | | ??????????????????# "??????# #?????????????????? | | ????????^^?????????????????# #?????????????????? | | ?????????^????????????????? ?????????????????? | | ?????????^?????????????????# ?????????????????? | | ???????????????????????????# ?????????????????? | | ???????????????????????????# ###?????????????????? | | ???????????????????????????#/????????????????????? | | ???????????????????????????? ????????????????????? | | ?????????????????????????????????????????????????? | | ?????????????????????????????????????????????????? | | ?????????????????????????????????????????????????? | +----------------------------------------------------+ Best States ------------- Heat Dissipation 35 Energy Generation 14 Energy Capacity 265 Matter Stores 300 Matter Capacity 300 Sight Range 16 Terrain Scan Density 10 ECM Strength 1 Armor Coverage 150 Evasion (%) 40 Melee Accuracy 5 Recoil Reduction 3 Defensive Hacking 10 Item Schematics ----------------- None Robot Schematics ------------------ None Fabricated ------------ Nothing Alien Tech Used ----------------- None Achievements -------------- None Challenges ------------ None Game ------ Seed OmegaCoolingBlaster Manual? 0 Play Time 00:23:03 Cumulative 458.3 hours Start 2022.02.05 @ 10:13:30 End 2022.02.05 @ 20:11:05 Sessions 4 Manual Loads 0 Difficulty Rogue Special Mode None Game No. 454 Rogue 239 Adventurer 112 Explorer 103 Win Type - Total 30 Types 22/0/5/2/0/0/0/1/0 Lore% 86 Gallery% 89 Achievement% 80 Wizard Run 0 Options --------- ASCII 0 Keyboard 0 Movement Vi Keybinds 1 Fullscreen 2 Font 18/SmallcapsGlow Map View 76x50 Tactical HUD 1 Map Filters NONE Filters NONE Steam 1 RUN: 290a7b08-7ea9-4af6-b92a-13f0b5f507f6